 Dungeon Crawl Stone Soup version 0.28-a0-563-gf77a47075d (webtiles) character file.

Game seed: 14607327379032358122

1352 siradein the Vexing (level 8, -5/38 (40) HPs)
             Began as a Spriggan Arcane Marksman on Oct 1, 2021.
             Killed from afar by Maggie (19 damage)
             ... with a bolt of fire
             ... on level 6 of the Dungeon.
             The game lasted 00:41:34 (8101 turns).

siradein the Vexing (Spriggan Arcane Marksman)      Turns: 8101, Time: 00:41:35

HP:   -5/38 (40)    AC:  2    Str:  7    XL:     8   Next: 36%
MP:   2/16          EV: 20    Int: 14    God:
Gold: 151           SH:  0    Dex: 17    Spells: 8/16 levels left

rFire   . . .      SeeInvis +   a - +0 hunting sling
rCold   . . .      Faith    .   (shield restricted)
rNeg    . . .      Spirit   .   d - +0 robe
rPois   .          Reflect  .   (helmet restricted)
rElec   .          Harm     .   (no cloak)
rCorr   .          Rampage  .   (gloves unavailable)
Will    +....                   (boots unavailable)
Stlth   +++.......              (no amulet)
HPRegen 0.12/turn               (no ring)
MPRegen 0.15/turn               (no ring)

@: drained, very quick
A: very small, no large weapons, unfitting armour, see invisible, speed 3
a: no special abilities


You were on level 6 of the Dungeon.
You visited 1 branch of the dungeon, and saw 6 of its levels.

You collected 151 gold pieces.

Inventory:

Hand Weapons
 a - a +0 hunting sling (weapon)
 b - a +0 dagger of venom
Missiles
 c - 109 sling bullets
 i - 2 throwing nets
 k - 205 stones (quivered ammo)
 o - 3 curare-tipped darts
 q - a boomerang
 u - 17 poisoned darts
Armour
 d - a +0 robe (worn)
Jewellery
 w - a +6 ring of dexterity
Scrolls
 f - a scroll of identify
 h - a scroll of noise
 l - a scroll of magic mapping {unknown}
 n - a scroll of immolation {unknown}
 r - a scroll of silence {unknown}
 t - a scroll of enchant weapon
Potions
 e - 3 potions of curing
 j - a potion of flight {unknown}
 m - 3 potions of lignification
 p - 2 potions of might
 s - a potion of magic {unknown}
 v - 2 potions of heal wounds {unknown}


   Skills:
 + Level 3.1 Fighting
 + Level 3.8 Short Blades
 + Level 5.1 Slings
 + Level 5.7 Dodging
 + Level 5.7 Stealth
 + Level 4.7 Spellcasting
 + Level 5.8 Hexes


You had 8 spell levels left.
You knew the following spells:

 Your Spells              Type           Power      Damage    Failure   Level
a - Slow                  Hex            19%        N/A       2%          2
b - Inner Flame           Hex/Fire       11%        N/A       16%         3
c - Portal Projectile     Hex/Tloc       22%        N/A       16%         3

Your spell library contained the following spells:

 Spells                   Type           Power      Damage    Failure   Level
 Cause Fear               Hex            9%         N/A       16%         4
 Sandblast                Erth           6%         2d5       19%         1
 Passwall                 Tmut/Erth      2%         N/A       26%         2
 Stone Arrow              Conj/Erth      6%         3d7       47%         3


Dungeon Overview and Level Annotations

Branches:
Dungeon (6/15)
 Temple: D:4-7

Altars:

Shops:
D:5 !

Annotations:
D:6 Maggie


Innate Abilities, Weirdness & Mutations

You are very small and have problems with some larger weapons.
You are too small for most types of armour.
You have supernaturally acute eyesight. (SInv)
You cover ground extremely quickly. (Speed+++)


Message History

You hear a loud clanging noise!
It was a scroll of noise.
You hear a bark!
You hear an angry hiss.
You hear a shout!
The sky beast hits you. The sky beast shocks you. Maggie misses you.
Blink to where?
Press: ? - help, Dir - move target, p - sky beast You cannot blink away from Maggie!
Blink to where?
Press: ? - help, Dir - move target
Found 19 stones.
As you read the scroll labelled QIGGAI YCVELI, it crumbles to dust.
It was a scroll of blinking.
Fire: 209 stones
Press: ? - help, Q - select action, (/) - cycle Shift-Dir - straight line, f - Maggie
Aim: Maggie, wielding a +0 halberd of draining and wearing +0 steam dragon scales (mesmerising, inner flame, slow, 63% to hit)
You shoot a stone.
The stone hits Maggie but does no damage.
Maggie misses you.
Fire: 208 stones
Press: ? - help, Q - select action, (/) - cycle Shift-Dir - straight line, f/p - Maggie
Aim: Maggie, wielding a +0 halberd of draining and wearing +0 steam dragon scales (mesmerising, inner flame, slow, 63% to hit)
You shoot a stone. The stone hits Maggie.
Flame seeps out of Maggie.
Maggie is lightly wounded.
Maggie is engulfed in blazing flames.
Flame seeps out of Maggie.
Maggie barely misses you.
Fire: 207 stones
Press: ? - help, Q - select action, (/) - cycle Shift-Dir - straight line, f/p - Maggie
Aim: Maggie, wielding a +0 halberd of draining and wearing +0 steam dragon scales (flame, moderately wounded, mesmerising, inner flame, slow, 63% to hit)
You shoot a stone. The stone hits Maggie.
Flame seeps out of Maggie.
Maggie is moderately wounded.
Fire: 206 stones
Press: ? - help, Q - select action, (/) - cycle Shift-Dir - straight line, f/p - Maggie
Aim: Maggie, wielding a +0 halberd of draining and wearing +0 steam dragon scales (flame, moderately wounded, mesmerising, inner flame, slow, 63% to hit)
You shoot a stone. The stone closely misses Maggie.
You break out of your daze.
Maggie is engulfed in blazing flames.
Flame seeps out of Maggie.
Maggie casts a spell at you. The bolt of fire hits you!!
Ouch! That really hurt!
You die...

..........##
##..........##
#............
##..(.......#
.....(......###
......(.......(
......(......#
#.....@.(.#
#.#...Y..##
#####.@#
#...##..(# ..
#......#.####..#
#...## #.#....#
#...# ##...#
#...# #..###
#...###..#


You could see Maggie (inner flame, slow) and a sky beast (slow).

Vanquished Creatures
  A centaur zombie (D:6)
  Eustachio (D:6)
  A water moccasin (D:5)
  A black bear (D:3)
  An ogre (D:4)
  A necrophage (D:5)
  A phantom (D:5)
  A water moccasin zombie (D:6)
  3 scorpions
  A bullfrog skeleton (D:6)
  Jessica (D:2)
  A hound skeleton (D:4)
  A howler monkey zombie (D:6)
  4 gnolls (D:3)
  5 adders
  An adder skeleton (D:4)
  2 worms
  A dart slug (D:1)
  6 orcs
  5 endoplasms
  A giant cockroach (D:2)
  11 goblins
  10 hobgoblins
  6 jackals
  5 kobolds
  2 quokkas (D:3)
  5 ball pythons
  6 bats
  2 frilled lizards (D:3)
  3 rats
90 creatures vanquished.

Vanquished Creatures (others)
  30 plants (D:3)
30 creatures vanquished.

Grand Total: 120 creatures vanquished

Notes
Turn   | Place    | Note
-------+----------+-------------------------------------------
     0 | D:1      | siradein the Spriggan Arcane Marksman began the quest for
                  | the Orb.
     0 | D:1      | Reached XP level 1. HP: 9/9 MP: 3/3
   414 | D:1      | Reached skill level 1 in Stealth
   414 | D:1      | Reached XP level 2. HP: 7/14 MP: 5/5
   764 | D:1      | Reached skill level 1 in Fighting
  1351 | D:2      | Reached XP level 3. HP: 13/18 MP: 7/7
  1466 | D:2      | Noticed Jessica
  1475 | D:2      | Killed Jessica
  1476 | D:2      | Reached skill level 1 in Short Blades
  1557 | D:2      | Found a faded altar of an unknown god.
  1601 | D:2      | Learned a level 2 spell: Slow
  1605 | D:2      | Learned a level 3 spell: Inner Flame
  1691 | D:2      | Reached XP level 4. HP: 22/22 MP: 8/8
  2259 | D:3      | Noticed a black bear
  2644 | D:3      | Killed a black bear
  2645 | D:3      | Reached XP level 5. HP: 26/26 MP: 4/10
  3015 | D:3      | Learned a level 3 spell: Portal Projectile
  3977 | D:4      | Reached XP level 6. HP: 30/30 MP: 8/11
  5191 | D:5      | Entered Level 5 of the Dungeon
  5321 | D:4      | HP: 1/30 [poisoned by a scorpion]
  6106 | D:5      | Noticed a water moccasin
  6131 | D:5      | Killed a water moccasin
  6132 | D:5      | Reached skill level 5 in Hexes
  6132 | D:5      | Reached XP level 7. HP: 35/35 MP: 7/13
  6528 | D:5      | Reached skill level 5 in Dodging
  6813 | D:5      | Found Tuf Tio's Distillery.
  7711 | D:6      | Noticed Eustachio
  7725 | D:6      | Killed Eustachio
  7729 | D:6      | Reached skill level 5 in Stealth
  7729 | D:6      | Reached XP level 8. HP: 36/39 MP: 13/15
  7922 | D:6      | Reached skill level 5 in Slings
  8085 | D:6      | Noticed Maggie
  8101 | D:6      | Killed from afar by Maggie

Illustrated notes

Levels and vault maps discovered:
D:1:      lightli_arrival_noodles, layout_loops_cross
D:2:      layout_rooms, shapermc_ecumenical_altar_notcrosses, uniq_jessica
D:3:      layout_rooms, serial_bayou, serial_bayou_lake_a, serial_bayou_pond_b,
          serial_bayou_lagoon_a, serial_bayou_pond_d, amethyst_killhole,
          kennysheep_nondescript
D:4:      layout_basic, minmay_ogre_servants
D:5:      layout_basic, serial_shops, nicolae_shop_waterfront,
          kennysheep_generic_room_11
D:6:      layout_rooms, eino_curves_01, uniq_duvessa, uniq_eustachio,
          uniq_maggie

Skill      XL: |  1  2  3  4  5  6  7  8 |
---------------+-------------------------+-----
Stealth        | 1 2 3 4 5 |  5.7
Fighting       | 1 2 3 |  3.1
Dodging        | 3 4 5 |  5.7
Spellcasting   | 2 3 4 |  4.7
Short Blades   | 1 2 3 |  3.8
Hexes          | 4 5 |  5.8
Slings         | 3 4 5 |  5.1

Action                   |  1- 3 |  4- 6 |  7- 9 || total
-------------------------+-------+-------+-------++-------
Melee: Mace              |    55 |       |       ||    55
       Dagger            |       |    25 |     6 ||    31
 Fire: Hunting sling     |    51 |   197 |   124 ||   372
 Cast: Slow              |       |    38 |    13 ||    51
       Inner Flame       |       |     6 |    12 ||    18
  Use: Scroll            |       |     4 |     2 ||     6
 Stab: Sleeping          |     3 |       |       ||     3
Armor: Robe              |    15 |     8 |     3 ||    26
Dodge: Dodged            |    62 |    52 |    39 ||   153

Table legend: (Time is in decaauts)
 A = Elapsed time spent in this place.
 B = Non-inter-level travel time spent in this place.
 C = Inter-level travel time spent in this place.
 D = Time resting spent in this place.
 E = Time spent auto-exploring this place.
 F = Levels seen in this place.
 G = Mean time per level.
                   A        B        C        D        E       F      G
               +--------+--------+--------+--------+--------+-----+--------+
         Total |   6341 |   6228 |    113 |    574 |   4068 |   6 | 1056.8 |
       Dungeon |   6341 |   6228 |    113 |    574 |   4068 |   6 | 1056.8 |
               +--------+--------+--------+--------+--------+-----+--------+

Top non-repeatable levels by time:
     D:4: 1733 daAuts
     D:5: 1520 daAuts
     D:3: 1231 daAuts
     D:1: 901 daAuts
     D:2: 575 daAuts
     D:6: 380 daAuts
